 Dungeon Crawl Stone Soup version 0.26-a0-712-ga5a9c9c9d0 (webtiles) character file.

Game seed: 3860736295027461937

71 Whiskey the Skirmisher (level 4, 27/37 HPs)
             Began as a Demonspawn Monk on Nov 2, 2020.
             Quit the game on level 2 of the Dungeon.
             The game lasted 00:02:12 (1781 turns).

Whiskey the Skirmisher (Demonspawn Monk)            Turns: 1781, Time: 00:02:13

Health: 27/37      AC: 11    Str: 13    XL:     4   Next: 5%
Magic:  4/4        EV:  6    Int: 11    God:
Gold:   140        SH:  0    Dex: 15    Spells: 3/3 levels left

rFire    . . .     SeeInvis .     - Unarmed
rCold    . . .     Faith    .   (no shield)
rNeg     . . .     Spirit   .   f - +0 chain mail (curse)
rPois    .         Reflect  .   n - +0 helmet
rElec    .         Harm     .   (no cloak)
rCorr    .         Rampage  .   (no gloves)
MR       .....                  (no boots)
Stlth    ..........             (no amulet)
HPRegen  0.12/turn              (no ring)
MPRegen  0.09/turn              (no ring)

@: no status effects
A: talons 1, iridescent scales 1, demonic guardian 1
a: no special abilities


You were on level 2 of the Dungeon.
You visited 1 branch of the dungeon, and saw 3 of its levels.

You collected 140 gold pieces.

Inventory:

Hand Weapons
 d - a +4 hunting sling
   (You found it on level 1 of the Dungeon)
Armour
 a - a +0 robe
 e - a +0 pair of gloves
   (You found it on level 1 of the Dungeon)
 f - a cursed +0 chain mail (worn)
   (You found it on level 1 of the Dungeon)
 n - a +0 helmet (worn)
   (You found it on level 2 of the Dungeon)
Scrolls
 c - 4 scrolls of amnesia {unknown}
 g - 2 scrolls of remove curse {unknown}
 h - a scroll of fear {unknown}
 i - 5 scrolls of identify {unknown}
 m - 2 scrolls of fog {unknown}
 o - a scroll of noise {unknown}
Potions
 b - a potion of berserk rage {unknown}
 j - 2 potions of mutation {unknown}
 k - a potion of curing {unknown}
 l - a potion of cancellation {unknown}


   Skills:
 + Level 4.0 Fighting
 - Level 2.7 Dodging
 - Level 1.7 Stealth
 + Level 3.7 Unarmed Combat


You had 3 spell levels left.
You didn't know any spells.
Your spell library was empty.

Dungeon Overview and Level Annotations

Branches:
Dungeon (3/15)

Altars:


Innate Abilities, Weirdness & Mutations

You have sharp toenails.
You are partially covered in iridescent scales. (AC +2)
A weak demonic guardian rushes to your aid.


Message History

No target in view!
No target in view!
No target in view!
No target in view!
No target in view!
You see here a +0 club.
A gnoll comes into view. It is wielding a +0 club.
The gnoll shouts!
You hear a shout!
A gnoll comes into view. It is wielding a +0 halberd.
Health restored: 30 A gnoll comes into view.
It is wielding a +0 halberd.
The gnoll shouts!
The gnoll closely misses you. x2
You hit the gnoll.
The gnoll hits you from afar with a +0 halberd!
The gnoll barely misses you.
The gnoll hits you from afar with a +0 halberd.
You take 12 damage, and have 18/30 hp.
MASSIVE DAMAGE!!
You hit the gnoll. The gnoll hits you but does no damage.
Your iron imp hits the gnoll!
The gnoll dies!
The gnoll hits you from afar with a +0 halberd!
You take 7 damage, and have 11/30 hp.
MASSIVE DAMAGE!!
You are too injured to fight recklessly!
You are too injured to fight recklessly!
You are too injured to fight recklessly!
You are too injured to fight recklessly!
You are too injured to fight recklessly!
You are too injured to fight recklessly!
You are too injured to fight recklessly!
You are too injured to fight recklessly!
You are too injured to fight recklessly!
You are too injured to fight recklessly!
You are too injured to fight recklessly!
You are too injured to fight recklessly!
You are too injured to fight recklessly!
You are too injured to fight recklessly!
You are too injured to fight recklessly!
You are too injured to fight recklessly!
You are too injured to fight recklessly!
You are too injured to fight recklessly!
You are too injured to fight recklessly!
You are too injured to fight recklessly!
You swap places.
The gnoll hits your iron imp with a +0 halberd.
The gnoll barely misses your iron imp.
Your iron imp hits the gnoll!
The gnoll hits your iron imp with a +0 halberd!
Your iron imp hits the gnoll but does no damage.
The gnoll hits your iron imp with a +0 halberd.
Your iron imp dies!
There is a stone staircase leading down here.
You climb downwards.
There is a stone staircase leading up here.
You start resting.
Health restored: 30 You climb upwards.
There is a stone staircase leading down here.
The gnoll hits you but does no damage.
You hit the gnoll but do no damage. You hit the gnoll.
The gnoll hits you but does no damage.
You closely miss the gnoll. The gnoll closely misses you.
You hit the gnoll. The gnoll closely misses you.
You hit the gnoll. The gnoll hits you but does no damage.
You hit the gnoll. You hit the gnoll.
You kill the gnoll!
Your Fighting skill increases to level 4!
No target in view!
No target in view!
No target in view!
No target in view!
No target in view!
No target in view!
No target in view!
No target in view!
No target in view!
No target in view!
No target in view!
No target in view!
No target in view!
No target in view!
No target in view!
Things that are here:
a +0 halberd; a gnoll corpse
Things that are here:
a +0 club; a gnoll corpse The gnoll shouts!
The gnoll hits you from afar with a +0 halberd.
You take 3 damage, and have 27/30 hp.
You hit the gnoll. The gnoll hits you with a +0 halberd.
You take 6 damage, and have 21/30 hp.
You hit the gnoll. The gnoll hits you but does no damage.
You hit the gnoll but do no damage. The gnoll barely misses you.
You hit the gnoll.
You kill the gnoll!
You have reached level 4!
You feel stronger.
Your demonic ancestry asserts itself...
Your toenails lengthen and sharpen.
You regained 6 hp, and now have 27/37 hp.
MP restored: 4

.......<....#.#..###.##
#.#.....#.........# #.#
###.....#.......#.###.#
###.#######..(#.>...#
#.# ##.†.####.#
#.########..## #.#
#...........#####.#
#..)...........#.# #.@#
########.#.## #..#
###..... #..# #.....##
#.)# #.#.#... #..#
#####.#.#### #..#
#........... #..#
#.###.#.#### #..# #.#
#.#.#### #..# #.#
#.#.....


There were no monsters in sight!

Vanquished Creatures
  3 gnolls
  6 bats
  A giant cockroach (D:1)
  3 goblins
  5 hobgoblins
  2 quokkas (D:2)
  3 frilled lizards
  6 kobolds
  8 rats
37 creatures vanquished.

Vanquished Creatures (collateral kills)
  A gnoll (D:2)
1 creature vanquished.

Grand Total: 38 creatures vanquished

Notes
Turn   | Place    | Note
-------+----------+-------------------------------------------
     0 | D:1      | Whiskey the Demonspawn Monk began the quest for the Orb.
     0 | D:1      | Reached XP level 1. HP: 18/18 MP: 1/1
   141 | D:1      | Reached skill level 3 in Unarmed Combat
   141 | D:1      | Gained mutation: You are partially covered in iridescent
                  | scales. (AC +2) [demonic ancestry]
   141 | D:1      | Reached XP level 2. HP: 9/24 MP: 2/2
   978 | D:2      | Gained mutation: A weak demonic guardian rushes to your
                  | aid. [demonic ancestry]
   978 | D:2      | Reached XP level 3. HP: 29/29 MP: 3/3
  1760 | D:2      | Reached skill level 4 in Fighting
  1780 | D:2      | Gained mutation: You have sharp toenails. [demonic
                  | ancestry]
  1780 | D:2      | Reached XP level 4. HP: 27/37 MP: 4/4
  1781 | D:2      | Quit the game

Illustrated notes

Levels and vault maps discovered:
D:1:      dpeg_arrival_rooms_a, layout_basic
D:2:      layout_loops_ring
D:3:      kennysheep_six_static_rooms, layout_basic, overflow_temple_1_default

Skill      XL: |  1  2  3 |
---------------+----------+-----
Unarmed Combat | 3 |  3.7
Fighting       | 4 |  4.0
Dodging        | |  2.7
Stealth        | |  1.7

Action                   |  1- 3 |  4- 6 || total
-------------------------+-------+-------++-------
Melee: Unarmed           |   126 |       ||   126
 Stab: Sleeping          |     3 |       ||     3
Armor: Robe              |     5 |       ||     5
       Chain mail        |    67 |       ||    67
Dodge: Dodged            |    44 |       ||    44

Table legend: (Time is in decaauts)
 A = Elapsed time spent in this place.
 B = Non-inter-level travel time spent in this place.
 C = Inter-level travel time spent in this place.
 D = Time resting spent in this place.
 E = Time spent auto-exploring this place.
 F = Levels seen in this place.
 G = Mean time per level.
                   A        B        C        D        E       F      G
               +--------+--------+--------+--------+--------+-----+--------+
         Total |   1774 |   1759 |     15 |    169 |   1284 |   3 |  591.3 |
       Dungeon |   1774 |   1759 |     15 |    169 |   1284 |   3 |  591.3 |
               +--------+--------+--------+--------+--------+-----+--------+

Top non-repeatable levels by time:
     D:1: 935 daAuts
     D:2: 668 daAuts
     D:3: 170 daAuts

Table legend:
 A = Kills in this place as a percentage of kills in entire the game.
 B = Kills by you in this place as a percentage of kills by you in the entire game.
 C = Kills by friends in this place as a percentage of kills by friends in the entire game.
 D = Other kills in this place as a percentage of other kills in the entire game.
 E = Experience gained in this place as a percentage of experience gained in the entire game.
 F = Experience gained in this place divided by the number of levels of this place that you have seen.
                   A       B       C       D       E      F
               +-------+-------+-------+-------+-------+----------------------
         Total | 100.0 | 100.0 | 100.0 |   N/A | 100.0 |  34.0
       Dungeon | 100.0 | 100.0 | 100.0 |   N/A | 100.0 |  34.0
               +-------+-------+-------+-------+-------+----------------------
